 Dungeon Crawl Stone Soup version 0.31-a0-984-gbfb7dba898 (webtiles) character file.

Game seed: 14648072478960373893

3287 Gargoyl the Cleaver (level 10, -1/63 HPs)
             Began as a Gargoyle Berserker on Nov 3, 2023.
             Was a Believer of Trog.
             Killed from afar by a wretched star (24 damage)
             ... with a lance of force
             ... on level 1 of the Abyss.
             The game lasted 00:07:27 (5706 turns).

Gargoyl the Cleaver (Gargoyle Berserker)            Turns: 5706, Time: 00:07:28

Health: -1/63      AC: 21    Str: 21    XL:     10   Next: 1%
Magic:  10/10      EV: 13    Int: 14    God:    Trog [**....]
Gold:   347        SH:  0    Dex: 13    Spells: 9/9 levels left

rFire   + . .        a - +0 hand axe (heavy)
rCold   . . .        (no shield)
rNeg    + . .        f - +3 ring mail {rF+}
rPois   ∞            b - +1 helmet
rElec   +            (no cloak)
rCorr   .            d - +1 pair of gloves
SInv    .            (no boots)
Will    ++...        h - amulet of the acrobat
Stlth   ++           g - +6 ring of intelligence
HPRegen 1.30/turn    (no ring)
MPRegen 0.12/turn

%: random rage (9%), acrobat
@: strong-willed, on berserk cooldown, regenerating, slowed, very slow
A: sickness immunity, AC +7, negative energy resistance 1, electricity
resistance, torment resistance 1, petrification resistance, [berserk 2]
a: Renounce Religion, Berserk, Trog's Hand


You were on level 1 of the Abyss.
You worshipped Trog.
Trog was pleased with you.
You visited 1 branch of the dungeon, and saw 7 of its levels.
You visited the Abyss 1 time.

You collected 347 gold pieces.

Inventory:

Hand Weapons
 a - a +0 heavy hand axe (weapon)
 y - a +2 flail of protection
Missiles
 l - 12 poisoned darts (quivered)
Armour
 b - a +1 helmet (worn)
 d - a +1 pair of gloves (worn)
 f - a +3 ring mail of fire resistance (worn)
 i - a +0 helmet
Jewellery
 g - a +6 ring of intelligence (left hand)
 h - an amulet of the acrobat (around neck)
 v - a ring of magical power
Wands
 j - a wand of flame (57)
Scrolls
 r - 2 scrolls of revelation
 s - 2 scrolls of vulnerability
 u - 2 scrolls of immolation
Potions
 e - a potion of enlightenment
 k - a potion of resistance
 m - a potion of degeneration {unknown}
 n - a potion of magic
 o - 2 potions of curing {unknown}
 p - 2 potions of lignification
 q - a potion of ambrosia
 t - a potion of invisibility
 x - a potion of mutation {unknown}
 z - a potion of might {unknown}
 A - a potion of experience {unknown}


   Skills:
 + Level 7.0 Fighting
 + Level 9.1 Axes
 + Level 6.0 Armour
 + Level 5.1 Dodging
 + Level 2.9 Stealth


You had 9 spell levels left.
You didn't know any spells.
Your spell library was empty.

Dungeon Overview and Level Annotations

Branches:
Dungeon (7/15)
 Temple: D:4-7

Altars:
Dithmenos
Elyvilon
Fedhas
Gozag
Qazlal
Zin
The Shining One

Annotations:
D:7 Maggie


Innate Abilities, Weirdness & Mutations

You are immune to sickness and miasma.
Your stone body is resilient. (AC +7)
You are immune to poison.
You resist negative energy. (rN+)
You are resistant to electric shocks. (rElec)
You are resistant to unholy torment.
You are immune to petrification.
[You have an uncontrollable temper.]


Message History

You closely miss the raiju.
The raiju bursts into living lightning!
The living lightning hits you. You resist.
The raiju blinks!
The raiju bites you but does no damage.
Unknown command.
You slash the raiju!
The raiju is almost dead.
You hit the raiju.
You are no longer berserk.
You are exhausted.
You feel yourself slow down.
The raiju bursts into living lightning!
The living lightning hits you. You resist.
The raiju blinks!
The raiju barely misses you.
You barely miss the raiju.
The raiju is almost dead.
You barely miss the raiju. The raiju barely misses you.
The raiju bites you but does no damage.
A wretched star comes into view.
The raiju closely misses you.
The raiju bursts into living lightning!
The living lightning hits the raiju.
The raiju completely resists.
The living lightning hits you. You resist.
The raiju blinks! x3
The raiju completely misses you.
Your skin crawls.
You feel strong-willed. The raiju misses you.
Unknown command.
Unknown command.
The quasit gives a chilling moan.
You slash the raiju!
You kill the raiju!
Trog accepts your kill.
You hit the raiju but do no damage. x2; The raiju completely misses you. x2
The wretched star pulses with an eldritch light!
You feel a little pissed off.
You feel extremely angry at everything! The raiju closely misses you.
The raiju barely misses you.
The wretched star glows turbulently.
The lance of force hits you!!
You die...

#### ##..# ###§.##.
## #..5##.. .. . #
## ##§#.## # .. § .
.#...h@##.# ... # #
###
##...h††*........
#. # #
..##.......#..###.#
# .. .
.#.......##..# ...
###.#.#..# .#
##...#....###. #.#
# .#....... #. .#
..#..## ..# #.. ###
#


You could see a wretched star, 2 raiju and a quasit.

Vanquished Creatures
  The ghost of flt the Firebug, an amateur DgFE (D:5)
  Grinder (D:3)
  6 raiju (Abyss:1)
  Duvessa (D:4)
  An orc warrior (D:6)
  A black bear (D:6)
  An ice beast (D:5)
  2 ogres
  2 phantoms (D:4)
  A scorpion (D:6)
  5 wights (D:6)
  Dowan (D:4)
  A howler monkey (D:6)
  8 orc priests
  4 sleepcaps
  4 iguanas
  Natasha (thrice) (D:4)
  5 orc wizards
  7 gnolls (D:2)
  3 adders
  A shadow imp (D:6)
  A white imp (D:6)
  2 ufetubi (D:6)
  A worm (D:4)
  26 orcs
  5 endoplasms
  A giant cockroach (D:2)
  2 goblins
  5 hobgoblins
  4 jackals (D:4)
  6 ball pythons
  8 bats
  A frilled lizard (D:2)
  3 kobolds
  4 rats
128 creatures vanquished.

Notes
Turn   | Place    | Note
-------+----------+-------------------------------------------
     0 | D:1      | Gargoyl the Gargoyle Berserker began the quest for the Orb.
     0 | D:1      | Reached XP level 1. HP: 14/14 MP: 1/1
   217 | D:1      | Reached XP level 2. HP: 19/19 MP: 2/2
   263 | D:1      | Reached skill level 3 in Axes
   500 | D:1      | Found a white marble altar of Elyvilon.
   637 | D:2      | Reached XP level 3. HP: 24/24 MP: 3/3
   734 | D:2      | Reached XP level 4. HP: 29/29 MP: 4/4
  1483 | D:3      | Identified the "Idwib"
  1707 | D:3      | Noticed Grinder
  1716 | D:3      | Killed Grinder
  1717 | D:3      | Reached skill level 4 in Axes
  1717 | D:3      | Reached skill level 1 in Stealth
  1717 | D:3      | Reached XP level 5. HP: 34/34 MP: 5/5
  1717 | D:3      | Reached XP level 6. HP: 39/39 MP: 6/6
  2490 | D:4      | Reached ** piety under Trog
  2538 | D:4      | Noticed Natasha
  2553 | D:4      | Killed Natasha
  2554 | D:4      | Reached XP level 7. HP: 25/44 MP: 7/7
  2695 | D:4      | Reached skill level 5 in Axes
  2715 | D:4      | Noticed Duvessa
  2715 | D:4      | Noticed Dowan
  2730 | D:4      | Killed Duvessa
  2731 | D:4      | Reached skill level 5 in Fighting
  2736 | D:4      | Killed Dowan
  2818 | D:4      | Identified the +4 dagger of the Hidden Vale {freeze, SInv}
  2829 | D:4      | Found a shadowy altar of Dithmenos.
  2829 | D:4      | Found a blossoming altar of Fedhas.
  2837 | D:4      | Found a glowing golden altar of the Shining One.
  2839 | D:4      | Found a stormy altar of Qazlal.
  2839 | D:4      | Noticed Natasha
  2855 | D:4      | Killed Natasha
  2860 | D:4      | Noticed Natasha
  2867 | D:4      | Killed Natasha
  3031 | D:4      | Found a glowing silver altar of Zin.
  3078 | D:4      | Found an opulent altar of Gozag.
  3309 | D:5      | Entered Level 5 of the Dungeon
  3361 | D:5      | Reached XP level 8. HP: 48/49 MP: 8/8
  3421 | D:5      | Reached skill level 6 in Axes
  3706 | D:5      | Found a runed translucent gate.
  3706 | D:5      | Found a runed translucent gate.
  3709 | D:5      | Found a runed translucent gate.
  3723 | D:5      | Noticed flt's ghost (amateur DgFE)
  4022 | D:5      | Killed flt's ghost
  4183 | D:6      | Reached skill level 7 in Axes
  4216 | D:6      | Reached skill level 5 in Armour
  4437 | D:6      | Reached XP level 9. HP: 55/55 MP: 9/9
  4934 | D:6      | Reached skill level 8 in Axes
  5484 | D:7      | Noticed Maggie
  5492 | Abyss:1  | Cast into level 1 of the Abyss (Maggie)
  5517 | Abyss:1  | Noticed a lich
  5519 | Abyss:1  | Noticed a wretched star
  5628 | Abyss:1  | Found a corrupted altar of Lugonu.
  5700 | Abyss:1  | Reached skill level 5 in Dodging
  5701 | Abyss:1  | Reached skill level 9 in Axes
  5701 | Abyss:1  | Reached XP level 10. HP: 44/63 MP: 10/10
  5704 | Abyss:1  | Noticed a wretched star
  5706 | Abyss:1  | Killed from afar by a wretched star

Illustrated notes

Levels and vault maps discovered:
D:1:      dpeg_arrival_lava_altar, layout_rooms, corexii_hall_statues_x
D:2:      layout_basic, serial_glass, glass_columns_c, glass_columns_c
D:3:      layout_basic, kennysheep_big_empty_room, glass_columns_b,
          corexii_leaking_fountain, minmay_misc_feat_roman, uniq_grinder
D:4:      cheibrodos_old_hovel, layout_gridville,
          nicolae_overflow_macrodata_refinement,
          mainiacjoe_overflow_tiny_flanked, grunt_gozag_statues, uniq_natasha,
          uniq_duvessa
D:5:      layout_rooms, biasface_ghost_orc_armoury, roderic_roman_lattice
D:6:      layout_cave_pods
D:7:      layout_layer_cave, minmay_temple_entry_hall, uniq_maggie
Abyss:1:  base:
D:7

Skill      XL: |  1  2  3  4  5  6  7  8  9 |
---------------+----------------------------+-----
Axes           | 3 4 5 7 9 |  9.1
Fighting       | 4 5 7 |  7.0
Dodging        | 2 3 4 5 |  5.1
Armour         | 3 4 5 6 |  6.0
Stealth        | 1 2 |  2.9

Action                     |  1- 3 |  4- 6 |  7- 9 | 10-12 || total
---------------------------+-------+-------+-------+-------++-------
  Melee: Hand axe          |    47 |   139 |   346 |     5 ||   537
         Punch             |     1 |     3 |     5 |       ||     9
 Invoke: Berserk           |     1 |     5 |    13 |       ||    19
         Trog's Hand       |       |       |     5 |     1 ||     6
    Use: Scroll            |       |     6 |    10 |       ||    16
         Potion            |       |       |     4 |       ||     4
   Stab: Invisible         |       |       |     3 |       ||     3
 Armour: Animal skin       |    23 |       |       |       ||    23
         Ring mail         |     8 |   119 |   264 |     7 ||   398
         Skin              |       |       |    32 |       ||    32
  Dodge: Dodged            |    35 |    77 |   218 |    10 ||   340

Table legend: (Time is in decaauts)
 A = Elapsed time spent in this place.
 B = Non-inter-level travel time spent in this place.
 C = Inter-level travel time spent in this place.
 D = Time resting spent in this place.
 E = Time spent auto-exploring this place.
 F = Levels seen in this place.
 G = Mean time per level.
                   A        B        C        D        E       F      G
               +--------+--------+--------+--------+--------+-----+--------+
         Total |   5890 |   5692 |    198 |      5 |   4344 |   8 |  736.2 |
       Dungeon |   5663 |   5465 |    198 |      5 |   4166 |   7 |  809.0 |
         Abyss |    227 |    227 |      0 |      0 |    177 |   1 |  227.0 |
               +--------+--------+--------+--------+--------+-----+--------+

Top non-repeatable levels by time:
     D:6: 1322 daAuts
     D:4: 1122 daAuts
     D:2: 956 daAuts
     D:5: 852 daAuts
     D:3: 776 daAuts
     D:1: 566 daAuts
 Abyss:1: 227 daAuts
     D:7: 65 daAuts
